 Dungeon Crawl Stone Soup version 0.30-a0-358-g0d69a1922f (webtiles) character file.

Game seed: 6239080115629557407

7 Grindom the Grave Robber (level 1, 0/13 HPs)
             Began as a Mummy Necromancer on Nov 10, 2022.
             Slain by a jackal (3 damage)
             ... on level 1 of the Dungeon.
             The game lasted 00:02:55 (165 turns).

Grindom the Grave Robber (Mummy Necromancer)         Turns: 165, Time: 00:02:55

Health: 0/13       AC:  2    Str: 11    XL:     1   Next: 91%
Magic:  3/4        EV: 12    Int: 14    God:
Gold:   10         SH:  0    Dex: 12    Spells: 4/5 levels left

rFire   x . .      SeeInvis .    d - +0 short sword
rCold   + . .      Faith    +    (no shield)
rNeg    + + +      Spirit   .    a - +0 robe
rPois   ∞          Reflect  .    (no helmet)
rElec   .          Harm     .    (no cloak)
rCorr   .          Rampage  .    (no gloves)
Will    .....                    (no boots)
Stlth   ++........               (no amulet)
HPRegen 0.22/turn                (no ring)
MPRegen 0.09/turn                (no ring)

@: no status effects
A: cold resistance 1, negative energy resistance 3, torment resistance 2, heat
vulnerability 1, no potions, faith
a: no special abilities


You were on level 1 of the Dungeon.
You visited 1 branch of the dungeon, and saw 1 of its levels.

You collected 10 gold pieces.

Inventory:

Hand Weapons
 d - a +0 short sword (weapon)
Armour
 a - a +0 robe (worn)
Scrolls
 b - a scroll of enchant armour {unknown}
 c - a scroll of butterflies {unknown}


   Skills:
 + Level 0.2 Fighting
 + Level 1.5 Dodging
 + Level 1.5 Stealth
 + Level 0.2 Unarmed Combat
 + Level 2.6 Spellcasting
 + Level 4.3 Necromancy


You had 4 spell levels left.
You knew the following spells:

 Your Spells              Type           Power      Damage    Failure   Level
a - Necrotise             Necr           52%        1d6       3%          1

Your spell library contained the following spells:

 Spells                   Type           Power      Damage    Failure   Level
 Vampiric Draining        Necr           13%        2d6       12%         3
 Animate Dead             Necr           13%        N/A       36%         4
 Agony                    Necr           13%        N/A       71%         5


Dungeon Overview and Level Annotations

Branches:
Dungeon (1/15)

Altars:


Innate Abilities, Weirdness & Mutations

You are immune to poison.
Your flesh is cold resistant. (rC+)
You are immune to negative energy. (rN+++)
You are immune to unholy pain and torment.
You are vulnerable to heat. (rF-)
You do not drink.
You have a special connection with the divine. (Faith)


Message History

Your bat skeleton closely misses the jackal.
The jackal barely misses you. The jackal bites you.
Your bat skeleton hits the jackal but does no damage.
You closely miss the jackal.
Your bat skeleton hits the jackal but does no damage.
The jackal bites you.
The jackal bites you but does no damage.
Your bat skeleton hits the jackal but does no damage.
The endoplasm hits your bat skeleton. The jackal bites your bat skeleton.
The jackal barely misses you. The jackal bites you.
* * * LOW HITPOINT WARNING * * *
The ball python barely misses your bat skeleton.
The ball python grabs your bat skeleton.
The ball python constricts your bat skeleton.
The jackal attacks as you move away! The jackal misses you.
Your bat skeleton hits the jackal but does no damage.
Your bat skeleton hits the jackal.
Your bat skeleton closely misses the jackal.
The endoplasm hits your bat skeleton.
The ball python bites your bat skeleton.
Your bat skeleton is destroyed!
The jackal misses you. The jackal barely misses you. The jackal misses you.
The jackal closely misses you. The jackal bites you.
* * * LOW HITPOINT WARNING * * *
The jackal barely misses you. The jackal closely misses you.
The jackal bites you but does no damage.
The jackal misses you.
Aiming: Necrotise (safe; 3% risk of failure)
Press: ? - help, Q - select action Shift-Dir - straight line, f - ball python
Aim: a ball python (chance to affect: 83%)
Your target is gone.
The ball python writhes in agony.
The jackal closely misses you. The jackal barely misses you.
The jackal closely misses you.
The ball python bites you but does no damage.
The ball python grabs you. The ball python constricts you.
You escape the ball python's grasp.
The jackal attacks as you move away! The jackal bites you.
You die...

.. ############## ....
##.....##.....##....# #####
##..............#....> ....#
#......Jh@[..........
....####.......hhS......#.###
.......#.....................
####.#.#.....................
#.#.#.....................
#.#.).....................
#.####...................)
#.# #..!....#............
###.#####......##...........


You could see an endoplasm, 3 jackals and a ball python.

Vanquished Creatures
  A ball python (D:1)
  A hobgoblin (D:1)
  A bat (D:1)
  2 kobolds (D:1)
  A rat (D:1)
6 creatures vanquished.

Vanquished Creatures (collateral kills)
  A ball python (D:1)
1 creature vanquished.

Grand Total: 7 creatures vanquished

Notes
Turn   | Place    | Note
-------+----------+-------------------------------------------
     0 | D:1      | Grindom the Mummy Necromancer began the quest for the Orb.
     0 | D:1      | Reached XP level 1. HP: 13/13 MP: 4/4
   165 | D:1      | Slain by a jackal

Illustrated notes

Levels and vault maps discovered:
D:1:      heliophobic_arrival_ceremonial_halls, layout_rooms, minmay_lizard_king

Action                   || total
-------------------------++-------
Melee: Unarmed           ||    13
       Short sword       ||     5
 Cast: Necrotise         ||     6
Armor: Robe              ||     9
Dodge: Dodged            ||    28

Table legend: (Time is in decaauts)
 A = Elapsed time spent in this place.
 B = Non-inter-level travel time spent in this place.
 C = Inter-level travel time spent in this place.
 D = Time resting spent in this place.
 E = Time spent auto-exploring this place.
 F = Levels seen in this place.
 G = Mean time per level.
                   A        B        C        D        E       F      G
               +--------+--------+--------+--------+--------+-----+--------+
         Total |    164 |     61 |    103 |      0 |      0 |   1 |  164.0 |
       Dungeon |    164 |     61 |    103 |      0 |      0 |   1 |  164.0 |
               +--------+--------+--------+--------+--------+-----+--------+

Top non-repeatable levels by time:
     D:1: 164 daAuts
